AoeStats
← DiaperMoogletism

Scandinavia

510605619Analyzed
1v1 RM · 2d ago on Oct 1, 2026· 40m 45s· 2 players
Game mode
Random Map
Map size
Tiny (2 player)
Population
200
Speed
Normal
Resources
Standard
Victory
Conquest
Starting age
Dark Age
Ending age
Imperial Age
RankedLock teamsTeams togetherTeam positionsShared explorationLock speedFull tech treeHidden civsTurbo modeCheats
Victory
Defeat
🇺🇸 Vikings · United States
599
+16
🇬🇷 Goths · Greece
591
-16
Mr Seymour Guado
10:16 Loom
12:32 Feudal Age
16:51 Wheelbarrow
20:36 Double-Bit Axe
21:33 Wheelbarrow
20:50 Horse Collar
DiaperMoogletism
10:45 Loom
13:26 Feudal Age
13:44 Man-at-Arms
15:32 Arson
17:11 Scale Mail Armor
26:53 Forging
29:54 Horse Collar
30:11 Double-Bit Axe
31:43 Fletching
39:50 Castle Age
39:56 Castle Age
Connection lost

Rejoining the realm…

Still unreachable

The connection could not be restored.

Session expired

The server has moved on; the page needs a fresh start.